 Dungeon Crawl Stone Soup version 0.30-a0-272-gf98c3da03f (webtiles) character file.

Game seed: 4553513484729219203

20322 gruber the Nimble (level 12, -36/141 HPs)
             Began as a Gnoll Hexslinger on Oct 15, 2022.
             Was an Initiate of Gozag.
             Annihilated by a minotaur
             ... wielding the +4 broad axe of Quick Death {protect, rPois rF- rC++ rCorr Stlth+}
              (39 damage)
             ... in a Gauntlet.
             The game lasted 00:36:43 (18419 turns).

gruber the Nimble (Gnoll Hexslinger)               Turns: 18419, Time: 00:36:44

Health: -36/141    AC:  7    Str: 10    XL:     12   Next: 78%
Magic:  33/33      EV: 15    Int: 16    God:    Gozag
Gold:   2021       SH:  6    Dex: 14    Spells: 16/27 levels left

rFire   + . .      SeeInvis +    F - +7 dagger of gruber's Anguish {speed, rElec Will+}
rCold   . . .      Faith    .    J - +0 buckler
rNeg    . . .      Spirit   .    v - +1 leather armour {rF+}
rPois   +          Reflect  .    u - +1 helmet
rElec   +          Harm     .    (no cloak)
rCorr   +          Rampage  .    (no gloves)
Will    +....      NoTele   +    (no boots)
Stlth   ..........               O - amulet "Vitelapp" {Acrobat rElec SInv}
HPRegen 0.43/turn                K - ring of poison resistance
MPRegen 0.23/turn                T - ring of Riaheuq {rCorr MP+9}

@: mighty, berserking, very quick
A: fangs 1, strong nose, distributed training
a: Renounce Religion, Potion Petition, Call Merchant, Bribe Branch


You were in a Gauntlet.
You worshipped Gozag.
Gozag was most pleased with you.
You visited 3 branches of the dungeon, and saw 15 of its levels.
You also visited: Sewer, Bailey and Gauntlet.

You collected 2221 gold pieces.
You spent 72 gold pieces at shops.
You paid 128 gold pieces to Gozag.

Inventory:

Hand Weapons
 a - a +1 sling
 t - a +4 dagger of electrocution
 F - the +7 dagger of gruber's Anguish (weapon) {speed, rElec Will+}
   (You found it on level 5 of the Dungeon)

   Attacks with this weapon are significantly faster.
   rElec:     It insulates you from electricity.
   Will:      It increases your willpower.
Missiles
 x - 5 throwing nets
 z - 16 poisoned darts
Armour
 u - a +1 helmet (worn)
 v - a +1 leather armour of fire resistance (worn)
 H - a +2 troll leather armour
 J - a +0 buckler (worn)
Jewellery
 m - a ring of resist corrosion
 r - a ring of ice
 w - a ring of see invisible
 K - a ring of poison resistance (left hand)
 O - the amulet "Vitelapp" (around neck) {Acrobat rElec SInv}
   (You found it in a Gauntlet)

   [amulet of the acrobat]

   It increases your evasion while moving and waiting.
   rElec:     It insulates you from electricity.
   SInv:      It lets you see invisible.
 T - the ring of Riaheuq (right hand) {rCorr MP+9}
   (You found it in a Gauntlet)

   [ring of resist corrosion]

   MP:        It affects your magic capacity (+9).
   rCorr:     It protects you from acid and corrosion.
Wands
 G - a wand of flame (22)
 L - a wand of polymorph (3)
 R - a wand of roots (7)
Scrolls
 b - 6 scrolls of poison
 g - a scroll of identify
 j - 5 scrolls of teleportation
 k - 4 scrolls of butterflies
 l - 3 scrolls of vulnerability
 n - 2 scrolls of fear
 o - 3 scrolls of torment
 p - 3 scrolls of amnesia
 y - 3 scrolls of enchant armour
 A - 3 scrolls of immolation
 I - 4 scrolls of enchant weapon
 M - 2 scrolls of blinking
 N - a scroll of silence
 Q - 2 scrolls of magic mapping
Potions
 c - a potion of resistance {unknown}
 d - 4 potions of lignification
 e - 8 potions of curing
 f - a potion of flight
 h - 3 potions of haste
 i - 3 potions of attraction
 q - 2 potions of magic
 s - a potion of ambrosia
 B - 2 potions of berserk rage
 C - a potion of might
 D - 6 potions of heal wounds
 E - 3 potions of brilliance
 P - a potion of cancellation
Miscellaneous
 S - a condenser vane (inert)


   Skills:
 + Level 8.3 Fighting
 + Level 7.9 Short Blades
 + Level 7.9 Long Blades
 + Level 7.9 Axes
 + Level 7.9 Maces & Flails
 + Level 7.9 Polearms
 + Level 7.9 Staves
 + Level 9.2 Ranged Weapons
 + Level 7.9 Throwing
 + Level 7.9 Armour
 + Level 9.2 Dodging
 + Level 7.9 Stealth
 + Level 7.9 Shields
 + Level 7.9 Unarmed Combat
 + Level 8.4 Spellcasting
 + Level 6.5 Conjurations
 + Level 8.6 Hexes
 + Level 6.5 Summonings
 + Level 6.5 Necromancy
 + Level 6.5 Translocations
 + Level 6.5 Transmutations
 + Level 6.5 Fire Magic
 + Level 6.5 Ice Magic
 + Level 6.5 Air Magic
 + Level 6.5 Earth Magic
 + Level 6.5 Poison Magic
 + Level 8.6 Invocations
 + Level 7.9 Evocations


You had 16 spell levels left.
You knew the following spells:

 Your Spells              Type           Power      Damage    Failure   Level
a - Slow                  Hex            100%       N/A       1%          1
b - Inner Flame           Hex/Fire       31%        N/A       2%          3
c - Portal Projectile     Hex/Tloc       62%        N/A       2%          3
d - Mephitic Cloud        Conj/Pois/Air  27%        N/A       3%          3
e - Apportation           Tloc           54%        N/A       1%          1

Your spell library contained the following spells:

 Spells                   Type           Power      Damage    Failure   Level
 Magic Dart               Conj           100%       1d8       1%          1
 Sandblast                Erth           54%        2d13      1%          1
 Call Imp                 Summ           27%        N/A       1%          2
 Passwall                 Tmut/Erth      22%        N/A       1%          2
 Gell's Gravitas          Tloc           27%        N/A       3%          3
 Kindle Blastsparks       Fire/Tloc/Air  54%        2d14      3%          3
 Lesser Beckoning         Tloc           54%        N/A       3%          3
 Stone Arrow              Conj/Erth      54%        3d10      3%          3
 Teleport Other           Tloc           27%        N/A       3%          3
 Cause Fear               Hex            17%        N/A       4%          4
 Fulminant Prism          Conj/Hex       15%        3d11      8%          4
 Iskenderun's Mystic Bla  Conj/Tloc      27%        2d7       12%         4
 Alistair's Intoxication  Tmut/Pois      18%        N/A       32%         5
 Lee's Rapid Deconstruct  Erth           13%        3d10*     32%         5


Dungeon Overview and Level Annotations

Branches:
Dungeon (13/15)            Temple (1/1) D:6            Lair (1/5) D:8
    Orc (0/2) D:12          Sewer (visited)          Bailey (visited)
Gauntlet (1/1)
 Vaults: D:13-14

Altars:
Ashenzari
Cheibriados
Dithmenos
Elyvilon
Fedhas
Gozag
Hepliaklqana
Kikubaaqudgha
Makhleb
Nemelex Xobeh
Okawaru
Qazlal
Ru
Sif Muna
Trog
Uskayaw
Vehumet
Wu Jian
Xom
Yredelemnul
The Shining One

Shops:
D:3 [   D:12 ?

Annotations:
D:5 2 transporters, Sapher's ghost, amateur MeEE
D:9 2 runed translucent doors Gauntlet 8 transporters, 3 runed translucent doors, exclusion: ice statue


Innate Abilities, Weirdness & Mutations

You have very sharp teeth.
Your uncanny sense of smell can sniff out nearby items.
Your experience applies equally to all skills.


Message History

You are too injured to fight recklessly!
You hit the minotaur but do no damage.
You bite the minotaur, but do no damage.
You hit the minotaur but do no damage. You hit the minotaur.
The minotaur is lightly wounded.
You barely miss the minotaur.
The minotaur is lightly wounded.
The minotaur hits you with the +4 broad axe of Quick Death {protect, rPois rF- rC++ rCorr Stlth+}!!
* * * LOW HITPOINT WARNING * * *
The minotaur gores you.
* * * LOW HITPOINT WARNING * * *
You hit the minotaur but do no damage.
The minotaur is lightly wounded.
You impale the minotaur!!
The minotaur is moderately wounded.
You hit the minotaur but do no damage.
The minotaur is moderately wounded.
The minotaur hits you with the +4 broad axe of Quick Death {protect, rPois rF- rC++ rCorr Stlth+}!
* * * LOW HITPOINT WARNING * * *
The minotaur gores you.
* * * LOW HITPOINT WARNING * * *
You are too injured to fight recklessly!
You are too injured to fight recklessly!
You are too injured to fight recklessly!
You are too injured to fight recklessly!
You hit the minotaur but do no damage.
The minotaur is moderately wounded.
You barely miss the minotaur.
The minotaur furiously retaliates!
The minotaur headbutts you!
* * * LOW HITPOINT WARNING * * *
Your bite misses the minotaur.
The minotaur is moderately wounded.
You hit the minotaur but do no damage.
The minotaur is moderately wounded.
You hit the minotaur but do no damage.
The minotaur is moderately wounded.
The minotaur hits you with the +4 broad axe of Quick Death {protect, rPois rF- rC++ rCorr Stlth+}!!!
You die...
Your body crumbles into a pile of gold.

#.............#
#######.#######
#.......#
#######.# .#.#
##### .#.#
#⌠.⌠##.#.#
#.∩.#..#.#
#⌠.⌠#@##.#
#.##.##H#..#
#.......#.##
########..#
..........#
###########


You could see a minotaur.

Vanquished Creatures
  A centaur warrior (D:13)
  2 two-headed ogres (D:11)
  A boulder beetle (D:11)
  A tengu warrior (D:12)
  A fire crab (Gauntlet)
  An orc knight (Bailey)
  A necromancer (D:11)
  3 ugly things
  2 cyclopes
  A manticore (D:10)
  Maggie (D:7)
  A torpor snail (Gauntlet)
  A gargoyle (D:12)
  2 unseen horrors
  An ice devil (Gauntlet)
  2 trolls
  2 hornets (D:9)
  Grinder (D:4)
  Sigmund (D:6)
  4 shadows
  3 wyverns
  Eustachio (D:4)
  A wraith (D:10)
  6 yaks (Lair:1)
  5 fire bats (Gauntlet)
  6 vampire mosquitoes
  4 steam dragons
  2 acid dragons
  2 water moccasins (D:7)
  A hell hound (Gauntlet)
  18 orc warriors
  An ice beast (D:7)
  A sky beast (D:7)
  3 wolves (Gauntlet)
  10 centaurs
  An elf zombie (D:6)
  Blork the orc (D:6)
  2 kobold brigands
  A bullfrog (D:7)
  2 scorpions
  2 necrophages
  16 wights
  4 killer bees (D:8)
  2 electric eels (D:12)
  A lava snake (D:9)
  A hound (D:5)
  2 jellies
  15 orc priests
  A gnoll bouda (D:6)
  A human zombie (D:6)
  4 iguanas
  13 orc wizards
  4 human skeletons (D:6)
  Robin (D:4)
  7 gnolls
  8 adders
  6 shadow imps (Sewer)
  4 white imps (Gauntlet)
  5 ufetubi
  An adder zombie (Sewer)
  4 worms (D:2)
  5 dart slugs
  53 orcs
  8 endoplasms
  5 giant cockroaches
  14 goblins
  9 hobgoblins
  3 jackals (D:1)
  26 kobolds
  7 quokkas
  7 ball pythons
  5 bats
  12 frilled lizards
  A kobold zombie (Sewer)
  4 rats
362 creatures vanquished.

Vanquished Creatures (others)
  A human (D:6)
  An orc (D:8)
  13 plants
15 creatures vanquished.

Grand Total: 377 creatures vanquished

Notes
Turn   | Place    | Note
-------+----------+-------------------------------------------
     0 | D:1      | gruber the Gnoll Hexslinger began the quest for the Orb.
     0 | D:1      | Reached XP level 1. HP: 17/17 MP: 4/4
   222 | D:1      | Reached XP level 2. HP: 23/23 MP: 5/5
   546 | D:1      | Reached XP level 3. HP: 28/28 MP: 7/7
   954 | D:2      | Reached skill level 1 in Invocations
  1040 | D:2      | Reached skill level 1 in Short Blades
  1040 | D:2      | Reached skill level 1 in Long Blades
  1040 | D:2      | Reached skill level 1 in Axes
  1040 | D:2      | Reached skill level 1 in Maces & Flails
  1040 | D:2      | Reached skill level 1 in Polearms
  1040 | D:2      | Reached skill level 1 in Staves
  1040 | D:2      | Reached skill level 1 in Throwing
  1040 | D:2      | Reached skill level 1 in Armour
  1040 | D:2      | Reached skill level 1 in Stealth
  1040 | D:2      | Reached skill level 1 in Shields
  1040 | D:2      | Reached skill level 1 in Unarmed Combat
  1040 | D:2      | Reached skill level 1 in Evocations
  1089 | D:2      | Reached XP level 4. HP: 34/34 MP: 8/8
  1301 | D:2      | Learned a level 3 spell: Inner Flame
  1305 | D:2      | Learned a level 3 spell: Portal Projectile
  1530 | D:2      | Reached skill level 1 in Conjurations
  1530 | D:2      | Reached skill level 1 in Summonings
  1530 | D:2      | Reached skill level 1 in Necromancy
  1530 | D:2      | Reached skill level 1 in Translocations
  1530 | D:2      | Reached skill level 1 in Transmutations
  1530 | D:2      | Reached skill level 1 in Fire Magic
  1530 | D:2      | Reached skill level 1 in Ice Magic
  1530 | D:2      | Reached skill level 1 in Air Magic
  1530 | D:2      | Reached skill level 1 in Earth Magic
  1530 | D:2      | Reached skill level 1 in Poison Magic
  2119 | D:3      | Found Fyzex's Armour Shop.
  2571 | D:3      | Reached XP level 5. HP: 9/41 MP: 6/9
  2752 | D:4      | Noticed Eustachio
  2902 | D:4      | Noticed Robin
  3080 | D:4      | Killed Robin
  3295 | D:4      | Killed Eustachio
  3296 | D:4      | Reached skill level 5 in Ranged Weapons
  3296 | D:4      | Reached skill level 5 in Dodging
  3296 | D:4      | Reached XP level 6. HP: 27/47 MP: 7/11
  3550 | D:4      | Found a hide-covered altar of Uskayaw.
  3742 | D:4      | Reached XP level 7. HP: 30/52 MP: 12/12
  3839 | D:4      | Noticed Grinder
  3848 | D:4      | Paralysed by Grinder for 3 turns
  3855 | D:4      | Paralysed by Grinder for 4 turns
  3881 | D:4      | Paralysed by Grinder for 5 turns
  4129 | D:4      | Paralysed by Grinder for 4 turns
  4142 | D:4      | Paralysed by Grinder for 4 turns
  4157 | D:5      | Entered Level 5 of the Dungeon
  4436 | D:5      | Found a glowing drain.
  4454 | Sewer    | Entered a sewer
  4637 | Sewer    | Found an ancient bone altar of Kikubaaqudgha.
  5160 | D:5      | Reached XP level 8. HP: 57/60 MP: 14/14
  5295 | D:5      | Found a bloodstained altar of Trog.
  5299 | D:5      | Identified the +7 dagger of gruber's Anguish {speed, rElec
                  | Will+}
  5616 | D:5      | Found a white marble altar of Elyvilon.
  5781 | D:5      | Found a transporter.
  5782 | D:5      | Found a transporter.
  5802 | D:5      | Noticed Sapher's ghost (amateur MeEE)
  6041 | D:4      | Found a radiant altar of Vehumet.
  6160 | D:4      | Killed Grinder
  6372 | D:6      | Found a snail-covered altar of Cheibriados.
  6436 | D:6      | Found an ancient bone altar of Kikubaaqudgha.
  6440 | D:6      | Noticed Blork the orc
  6452 | D:6      | Killed Blork the orc
  7036 | D:6      | Found a staircase to the Ecumenical Temple.
  7104 | D:6      | Reached XP level 9. HP: 64/66 MP: 16/16
  7140 | D:6      | Reached skill level 5 in Spellcasting
  7505 | D:6      | Reached skill level 5 in Fighting
  7613 | D:6      | Found a shimmering altar of Xom.
  7616 | D:6      | Found a shimmering altar of Xom.
  7616 | D:6      | Found a white marble altar of Elyvilon.
  7618 | D:6      | Found a bloodstained altar of Trog.
  7618 | D:6      | Found a radiant altar of Vehumet.
  7618 | D:6      | Found a hazy altar of Hepliaklqana.
  7653 | Temple   | Entered the Ecumenical Temple
  7779 | Temple   | Became a worshipper of Gozag Ym Sagoz the Greedy
  7869 | D:6      | Noticed Sigmund
  7887 | D:6      | Killed Sigmund
  8526 | D:7      | Found a flagged portal.
  8544 | Bailey   | Entered a bailey
  8586 | Bailey   | HP: 2/68 [orc warrior (7)]
  8852 | Bailey   | Reached skill level 5 in Invocations
 10100 | Bailey   | Noticed an orc knight
 10441 | Bailey   | Killed an orc knight
 10442 | Bailey   | Reached skill level 5 in Short Blades
 10442 | Bailey   | Reached skill level 5 in Long Blades
 10442 | Bailey   | Reached skill level 5 in Axes
 10442 | Bailey   | Reached skill level 5 in Maces & Flails
 10442 | Bailey   | Reached skill level 5 in Polearms
 10442 | Bailey   | Reached skill level 5 in Staves
 10442 | Bailey   | Reached skill level 5 in Throwing
 10442 | Bailey   | Reached skill level 5 in Armour
 10442 | Bailey   | Reached skill level 5 in Stealth
 10442 | Bailey   | Reached skill level 5 in Shields
 10442 | Bailey   | Reached skill level 5 in Unarmed Combat
 10442 | Bailey   | Reached skill level 5 in Evocations
 10442 | Bailey   | Reached XP level 10. HP: 45/76 MP: 18/18
 10953 | D:7      | Noticed Maggie
 11011 | D:7      | Killed Maggie
 11093 | D:7      | Found a basalt altar of Yredelemnul.
 11754 | D:8      | Found a blossoming altar of Fedhas.
 11995 | D:8      | Found a staircase to the Lair.
 12518 | D:9      | Paralysed by a hornet for 1 turns
 12675 | D:9      | Found a sparkling altar of Nemelex Xobeh.
 12717 | D:9      | Reached skill level 5 in Conjurations
 12717 | D:9      | Reached skill level 5 in Summonings
 12717 | D:9      | Reached skill level 5 in Necromancy
 12717 | D:9      | Reached skill level 5 in Translocations
 12717 | D:9      | Reached skill level 5 in Transmutations
 12717 | D:9      | Reached skill level 5 in Fire Magic
 12717 | D:9      | Reached skill level 5 in Ice Magic
 12717 | D:9      | Reached skill level 5 in Air Magic
 12717 | D:9      | Reached skill level 5 in Earth Magic
 12717 | D:9      | Reached skill level 5 in Poison Magic
 12717 | D:9      | Reached XP level 11. HP: 72/83 MP: 21/21
 12865 | D:9      | Identified the +5 ring mail of the Lizard {Dex+4}
 13203 | D:9      | Found a large runed translucent door.
 13207 | D:9      | Found a large runed translucent door.
 13460 | D:10     | Entered Level 10 of the Dungeon
 13493 | D:10     | Noticed a brown ugly thing
 13525 | D:10     | Killed a brown ugly thing
 13742 | D:10     | Noticed Harold
 13779 | D:10     | Harold changed into Harold the manticore
 13779 | D:10     | Noticed Harold
 13800 | D:10     | Killed Harold the manticore
 14041 | D:10     | Found an iron altar of Okawaru.
 14402 | D:11     | Noticed a cyan ugly thing
 14432 | D:11     | Killed a cyan ugly thing
 14584 | D:11     | Noticed a two-headed ogre
 14586 | D:11     | Killed a two-headed ogre
 14656 | D:11     | Noticed a necromancer
 14672 | D:11     | Killed a necromancer
 14785 | D:11     | Noticed a two-headed ogre
 14830 | D:11     | Killed a two-headed ogre
 15450 | D:11     | Noticed a boulder beetle
 15465 | D:11     | Killed a boulder beetle
 15624 | D:12     | Reached XP level 12. HP: 68/91 MP: 23/23
 15817 | D:12     | Found Iseazot's Magic Scroll Boutique.
 15822 | D:12     | Bought a scroll of identify for 24 gold pieces
 15842 | D:12     | Bought a scroll of identify for 24 gold pieces
 15842 | D:12     | Bought a scroll of identify for 24 gold pieces
 16003 | D:12     | Noticed a two-headed ogre
 16432 | D:12     | Noticed a tengu warrior
 16485 | D:12     | Killed a tengu warrior
 17070 | D:12     | Found a staircase to the Orcish Mines.
 17340 | D:13     | Noticed a centaur warrior
 17344 | D:13     | Killed a centaur warrior
 17469 | D:12     | Learned a level 3 spell: Mephitic Cloud
 17620 | Lair:1   | Entered Level 1 of the Lair of Beasts
 17645 | Lair:1   | Found a gate leading to a gauntlet.
 17712 | Gauntlet | Entered a Gauntlet
 17712 | Gauntlet | Found a transporter.
 17712 | Gauntlet | Found a transporter.
 17718 | Gauntlet | Found a transporter.
 17730 | Gauntlet | Found a transporter.
 17748 | Gauntlet | Found a transporter.
 17748 | Gauntlet | Found a transporter.
 17749 | Gauntlet | Found a transporter.
 17751 | Gauntlet | Found a transporter.
 17751 | Gauntlet | Found a transporter.
 17766 | Gauntlet | Found a transporter.
 17778 | Gauntlet | Found a runed translucent gate.
 17779 | Gauntlet | Found a transporter.
 17779 | Gauntlet | Found a runed translucent gate.
 17780 | Gauntlet | Found a runed translucent gate.
 17789 | Gauntlet | Found a transporter.
 17794 | Gauntlet | Noticed a dire elephant
 17798 | Gauntlet | Found a transporter.
 17843 | Gauntlet | Found a transporter.
 18146 | Gauntlet | Learned a level 1 spell: Apportation
 18299 | Gauntlet | Identified the amulet "Vitelapp" {Acrobat rElec SInv}
 18310 | Gauntlet | Identified the ring of Riaheuq {rCorr MP+9}
 18388 | Gauntlet | Identified the +4 broad axe of Quick Death {protect, rPois
                  | rF- rC++ rCorr Stlth+}
 18388 | Gauntlet | Identified the amulet "Weity" {Faith Rampage rPois Slay+4}
 18388 | Gauntlet | Noticed a minotaur
 18417 | Gauntlet | HP: 3/141 [minotaur's headbutt (12)]
 18419 | Gauntlet | Annihilated by a minotaur

Illustrated notes

Levels and vault maps discovered:
D:1:      heliophobic_arrival_ceremonial_halls, layout_basic
D:2:      layout_loops_ring, chequers_serial_rivers_micro_e, minmay_octomino_c4
D:3:      layout_basic, serial_shops, shop
D:4:      layout_gridville, mainiacjoe_overflow_tiny_flanked,
          nicolae_uskayaw_dance_hall, amcnicky_mini_pool_small,
          serial_bayou_pond_e, minmay_lizard_king, uniq_grinder, uniq_eustachio,
          uniq_robin
D:5:      layout_loops_corners, elyvilon_altar_1, bloody_trog,
          cheibrodos_sewer_entry_drain, gammafunk_ghost_gnarly_gnolls
D:6:      layout_loops_corners, lemuel_coloured_pillars_altar,
          doesnt_xom_only_xom, tgw_kikubaaqudgha, temple_fountains,
          nicolae_ossuary_entry_catacombs, uniq_sigmund, uniq_blork_the_orc
D:7:      layout_rooms, lemuel_round_altar, enter_bailey_2, uniq_maggie
D:8:      hellmonk_ruined_rings, layout_layer_cave,
          mainiacjoe_overflow_concentric_impassable
D:9:      layout_long_grid, mainiacjoe_overflow_24_doors, jmf_multi_god_temple2,
          kennysheep_generic_room_9
D:10:     layout_roguey, mainiacjoe_overflow_alcove_4, uniq_harold
D:11:     layout_loops_corners, minmay_librarian
D:12:     layout_loops_ring, erik_orc_2, serial_shops, nicolae_shop_crystal
D:13:     layout_small_grid, ebering_ghost_gozag, special_room
          [special_room_orc], minmay_misc_feat_room, minmay_increasing_density,
          uniq_maurice, uniq_nessos
Temple:   hellmonk_temple_beads
Lair:1:   layout_small_grid, gauntlet_entry_generic, infiniplex_staircase_pool,
          serial_bayou_shore_b
Gauntlet: gammafunk_gauntlet_mixed_choke_point
          [minmay_gauntlet_arena_77_radiant_squares,
          minmay_gauntlet_arena_77_mess, minmay_gauntlet_arena_77_hold_the_fort,
          nicolae_gauntlet_arena_quarters, minmay_gauntlet_arena_77_block_sizes,
          minmay_gauntlet_arena_77_run_for_it,
          minmay_gauntlet_arena_77_chump_sandwich,
          dreamdust_gauntlet_exit_labyrinth]

Skill      XL: |  1  2  3  4  5  6  7  8  9 10 11 12 |
---------------+-------------------------------------+-----
Invocations    | 1 2 3 4 5 6 7 8 |  8.6
Short Blades   | 1 2 3 5 6 7 |  7.9
Long Blades    | 1 2 3 5 6 7 |  7.9
Axes           | 1 2 3 5 6 7 |  7.9
Maces & Flails | 1 2 3 5 6 7 |  7.9
Polearms       | 1 2 3 5 6 7 |  7.9
Staves         | 1 2 3 5 6 7 |  7.9
Throwing       | 1 2 3 5 6 7 |  7.9
Armour         | 1 2 3 5 6 7 |  7.9
Stealth        | 1 2 3 5 6 7 |  7.9
Shields        | 1 2 3 5 6 7 |  7.9
Unarmed Combat | 1 2 3 5 6 7 |  7.9
Evocations     | 1 2 3 5 6 7 |  7.9
Spellcasting   | 3 4 5 6 7 8 |  8.4
Conjurations   | 1 2 3 4 5 6 |  6.5
Summonings     | 1 2 3 4 5 6 |  6.5
Necromancy     | 1 2 3 4 5 6 |  6.5
Translocations | 1 2 3 4 5 6 |  6.5
Transmutations | 1 2 3 4 5 6 |  6.5
Fire Magic     | 1 2 3 4 5 6 |  6.5
Ice Magic      | 1 2 3 4 5 6 |  6.5
Air Magic      | 1 2 3 4 5 6 |  6.5
Earth Magic    | 1 2 3 4 5 6 |  6.5
Poison Magic   | 1 2 3 4 5 6 |  6.5
Fighting       | 3 4 5 6 7 8 |  8.3
Ranged Weapons | 5 6 7 8 9 |  9.2
Dodging        | 5 6 7 8 9 |  9.2
Hexes          | 6 7 8 |  8.6

Action                   |  1- 3 |  4- 6 |  7- 9 | 10-12 || total
-------------------------+-------+-------+-------+-------++-------
Melee: Sling             |       |     2 |       |       ||     2
       Dagger            |       |    25 |   496 |  1239 ||  1760
       Bite              |       |     2 |    54 |   181 ||   237
       Punch             |       |       |    18 |     2 ||    20
       Long sword        |       |       |    10 |       ||    10
 Fire: Sling             |   133 |   242 |   173 |   169 ||   717
Throw: Dart              |       |       |     8 |    20 ||    28
 Cast: Slow              |     6 |    17 |    53 |    88 ||   164
       Inner Flame       |       |     1 |     2 |     5 ||     8
       Portal Projectile |       |       |     1 |     3 ||     4
       Mephitic Cloud    |       |       |       |    11 ||    11
Evoke: Wand              |       |       |       |     3 ||     3
       Condenser vane    |       |       |       |     1 ||     1
  Use: Potion            |       |       |     3 |     4 ||     7
       Scroll            |       |       |       |    22 ||    22
 Stab: Distracted        |       |       |     2 |     1 ||     3
       Sleeping          |       |       |     9 |     9 ||    18
       Confused          |       |       |       |    12 ||    12
Armor: Robe              |    14 |    19 |       |       ||    33
       Leather armour    |       |    12 |    95 |     7 ||   114
       Troll leather arm |       |       |     1 |   201 ||   202
Dodge: Dodged            |    51 |   108 |   291 |   514 ||   964
Block: Buckler           |       |       |       |   182 ||   182

Table legend: (Time is in decaauts)
 A = Elapsed time spent in this place.
 B = Non-inter-level travel time spent in this place.
 C = Inter-level travel time spent in this place.
 D = Time resting spent in this place.
 E = Time spent auto-exploring this place.
 F = Levels seen in this place.
 G = Mean time per level.
                   A        B        C        D        E       F      G
               +--------+--------+--------+--------+--------+-----+--------+
         Total |  17723 |  16890 |    833 |    742 |  11812 |  18 |  984.6 |
       Dungeon |  14089 |  13296 |    793 |    288 |   9948 |  13 | 1083.8 |
        Temple |    141 |    102 |     39 |      0 |     92 |   1 |  141.0 |
          Lair |     74 |     74 |      0 |      0 |     24 |   1 |   74.0 |
         Sewer |    683 |    683 |      0 |    129 |    297 |   1 |  683.0 |
        Bailey |   2091 |   2091 |      0 |    325 |   1137 |   1 | 2091.0 |
      Gauntlet |    643 |    643 |      0 |      0 |    313 |   1 |  643.0 |
               +--------+--------+--------+--------+--------+-----+--------+

Top non-repeatable levels by time:
  Bailey: 2091 daAuts
    D:12: 1608 daAuts
     D:6: 1569 daAuts
     D:4: 1395 daAuts
    D:11: 1299 daAuts
     D:3: 1281 daAuts
     D:5: 1196 daAuts
     D:7: 1141 daAuts
     D:8: 984 daAuts
     D:1: 955 daAuts
     D:9: 911 daAuts
     D:2: 887 daAuts
    D:10: 749 daAuts
   Sewer: 683 daAuts
Gauntlet: 643 daAuts
